 Dungeon Crawl Stone Soup version 0.21-a0-241-g2cbab09 (webtiles) character file.

1568 Blomdor the Cleaver (level 8, -3/59 HPs)
             Began as a Barachi Wizard on Sept 4, 2017.
             Blown up by Joseph (4 damage)
             ... with a wand of disintegration (?/24)
             ... on level 7 of the Dungeon.
             The game lasted 00:16:29 (8857 turns).

Blomdor the Cleaver (Barachi Wizard)                Turns: 8857, Time: 00:16:30

Health: -3/59      AC: 14    Str: 10    XL:     8   Next: 90%
Magic:  21/21      EV:  9    Int: 18    God:
Gold:   68         SH:  0    Dex: 12    Spells: 12/13 levels left

rFire    . . .     SeeInvis .   y - +1 short sword (venom)
rCold    . . .     Gourm    .   (no shield)
rNeg     . . .     Faith    .   A - +0 scale mail
rPois    .         Spirit   .   b - +0 hat
rElec    .         Reflect  .   g - +1 cloak
rCorr    +         Harm     .   z - +1 pair of gloves {archery}
MR       .....                  s - +1 pair of boots
Stlth    ..........             (no amulet)
HPRegen  0.19/turn              j - ring of resist corrosion
MPRegen  0.17/turn              e - ring of magical power

@: slow
A: +LOS, swims, slowness 1, strong legs 1
a: Hop


You were on level 7 of the Dungeon.
You were not hungry.

You visited 2 branches of the dungeon, and saw 8 of its levels.

You collected 206 gold pieces.
You spent 138 gold pieces at shops.

Inventory:

Hand Weapons
 h - a +0 hand axe
 k - a +2 dagger of draining
 n - a +0 war axe
 y - a +1 short sword of venom (weapon)
Armour
 b - a +0 hat (worn)
 g - a +1 cloak (worn)
 i - a +0 shield
 s - a +1 pair of boots (worn)
 z - a +1 pair of gloves of archery (worn)
 A - a +0 scale mail (worn)
 C - a +0 chain mail
 D - a +0 plate armour
Jewellery
 e - a ring of magical power (right hand)
 j - a ring of resist corrosion (left hand)
Wands
 f - a wand of random effects (3/48)
 B - a wand of disintegration (7/24)
Scrolls
 o - a scroll of noise
 p - a scroll of teleportation
 q - a scroll of fear
 t - 2 scrolls of enchant armour
 u - a scroll of enchant weapon
 v - 6 scrolls of remove curse
 w - 2 scrolls of amnesia
 E - a scroll of fog {unknown}
Potions
 l - a potion of brilliance
 x - 2 potions of curing
 F - a potion of haste
Books
 c - a book of Minor Magic

   Spells                             Type                      Level
   a - Magic Dart                     Conjuration                  1
   b - Blink                          Translocation                2
   c - Call Imp                       Summoning                    2
   d - Slow                           Hexes                        2
   e - Conjure Flame                  Conjuration/Fire             3
   f - Mephitic Cloud                 Conjuration/Poison/Air       3
Comestibles
 a - a chunk of flesh
 d - 2 bread rations
 m - 3 meat rations
 r - a royal jelly


   Skills:
 - Level 3.6 Fighting
 * Level 8.5 Axes
 + Level 5.4 Armour
 - Level 2.1 Dodging
 - Level 1.7 Stealth
 + Level 4.9 Shields
 - Level 3.2 Spellcasting
 - Level 1.1 Conjurations
   Level 1.2 Summonings
   Level 1.1 Translocations


You had 12 spell levels left.
You knew the following spells:

 Your Spells              Type           Power        Failure   Level  Hunger
a - Magic Dart            Conj           #...         50%         1    None


Dungeon Overview and Level Annotations

Branches:
Dungeon (7/15)             Temple (1/1) D:5

Altars:
Dithmenos
Fedhas
Gozag
Hepliaklqana
Makhleb
Qazlal
Ru
Sif Muna
Uskayaw
Vehumet
Yredelemnul
The Shining One

Shops:
D:6 [

Annotations:
D:4 rcreutzb's ghost, amateur GrEE
D:7 Joseph


Innate Abilities, Weirdness & Mutations

Shadows flee at your approach. (+LOS)
You can swim through water.
You cover ground slowly.
You can hop short distances.


Message History

Joseph is lightly wounded.
Joseph zaps a wand.
You struggle to resist.
You hit Joseph.
Joseph looks as sick as possible!
Joseph is lightly wounded.
Joseph closely misses you.
You hit Joseph.
Joseph looks as sick as possible!
Joseph is moderately wounded.
Joseph zaps a wand.
You are blasted!
Your scale mail prevents you from hitting Joseph.
Joseph is moderately wounded.
Joseph completely misses you.
You barely miss Joseph.
Joseph is moderately wounded.
Joseph hits you but does no damage.
You hit Joseph.
Joseph is heavily wounded.
Joseph zaps a wand.
You are blasted!
* * * LOW HITPOINT WARNING * * *
Joseph zaps a wand.
You are blasted!
You die...

... #@# #.# ##.#####
####......#
########......##.#
.......#.##...##.#
######.#.......#.#
#........#....#@#
##.###.#.#.....@.#
#...##.#.......### #####
..(..#.#####.#.#######...###
.......# #.#.............#
.......# #.######.##...#.##
......## ##'## #.........#
.....## ##...## #.........#
.....#####.....##
#.........#


You could see Joseph.

Vanquished Creatures
  2 orc warriors (D:6)
  An ogre (D:5)
  2 ice beasts (D:6)
  A phantom (D:5)
  A centaur (D:5)
  A bullfrog (D:7)
  A scorpion (D:4)
  A centaur zombie (D:5)
  2 hounds
  A jelly (D:5)
  A bullfrog skeleton (D:5)
  7 orc priests
  3 iguanas
  Natasha (thrice) (D:3)
  2 orc wizards
  3 worker ants
  7 adders
  A shadow imp (D:5)
  2 oozes
  An adder skeleton (D:5)
  An adder zombie (D:6)
  A worm (D:3)
  4 dart slugs
  4 leopard geckos
  17 orcs
  5 giant cockroaches
  7 goblins
  8 hobgoblins
  11 jackals
  5 kobolds
  3 quokkas
  A ball python (D:5)
  6 bats
  2 frilled lizards
  A leopard gecko skeleton (D:4)
  A quokka skeleton (D:6)
  A quokka zombie (D:6)
  6 rats
127 creatures vanquished.

Notes
Turn   | Place    | Note
-------+----------+-------------------------------------------
     0 | D:1      | Blomdor the Barachi Wizard began the quest for the Orb.
     0 | D:1      | Reached XP level 1. HP: 13/13 MP: 4/4
    70 | D:1      | Reached skill level 1 in Fighting
   234 | D:1      | Reached XP level 2. HP: 20/22 MP: 6/6
   663 | D:1      | Reached XP level 3. HP: 29/29 MP: 7/7
  1095 | D:2      | Reached skill level 1 in Axes
  1360 | D:2      | Found a faded altar of an unknown god.
  1698 | D:3      | Reached XP level 4. HP: 31/36 MP: 8/8
  1746 | D:3      | Noticed Natasha
  2199 | D:3      | Reached skill level 2 in Axes
  2224 | D:3      | Killed Natasha
  2429 | D:3      | Noticed Natasha
  2444 | D:3      | Killed Natasha
  2444 | D:3      | Reached skill level 3 in Axes
  2444 | D:3      | Reached XP level 5. HP: 12/41 MP: 9/9
  2640 | D:3      | Noticed Natasha
  2649 | D:3      | HP: 2/41 [Natasha (8)]
  2654 | D:3      | Killed Natasha
  2678 | D:3      | Reached skill level 4 in Axes
  3459 | D:4      | Noticed rcreutzb's ghost (amateur GrEE)
  3713 | D:5      | Entered Level 5 of the Dungeon
  3797 | D:5      | Reached skill level 1 in Armour
  3797 | D:5      | Reached XP level 6. HP: 41/47 MP: 10/10
  3822 | D:5      | Found a shadowy altar of Dithmenos.
  3844 | D:5      | Reached skill level 1 in Shields
  4075 | D:5      | Reached skill level 5 in Axes
  4429 | D:5      | Found a staircase to the Ecumenical Temple.
  4444 | Temple   | Entered the Ecumenical Temple
  5092 | D:5      | Reached XP level 7. HP: 48/52 MP: 11/11
  5493 | D:5      | Found a basalt altar of Yredelemnul.
  5496 | D:5      | Found an opulent altar of Gozag.
  5499 | D:5      | Found a sacrificial altar of Ru.
  5864 | D:4      | Reached skill level 6 in Axes
  6196 | D:6      | Found Lupeq's Armour Shoppe.
  6857 | D:6      | Bought a +1 cloak for 138 gold pieces
  6894 | D:6      | Reached skill level 7 in Axes
  6894 | D:6      | Reached XP level 8. HP: 18/59 MP: 12/12
  7991 | D:6      | Reached skill level 8 in Axes
  7991 | D:6      | Reached skill level 5 in Armour
  8837 | D:7      | Noticed Joseph
  8857 | D:7      | HP: 1/59 [disintegration (20)]
  8857 | D:7      | Blown up by Joseph

Vault maps used:
D:1:      lordsloth_arrival_two_stooges
D:2:      chequers_ecumenical_altar_simple_redux
D:3:      uniq_natasha
D:4:      first_bread
D:5:      grunt_temple_overflow_diamond, minmay_temple_entry_glassed_door,
          grunt_dithmenos_smoke_and_mirrors
D:6:      serial_shops, shop_fountains
D:7:      kennysheep_crisscross, grunt_livestock, item_on_display_a,
          uniq_prince_ribbit1, uniq_joseph
Temple:   jpeg_temple_island

Skill      XL: |  1  2  3  4  5  6  7  8 |
---------------+-------------------------+-----
Fighting       | 2 3 |  3.6
Axes           | 1 3 4 5 7 8 |  8.5
Armour         | 1 2 3 5 |  5.4
Shields        | 2 3 4 |  4.9
Dodging        | |  2.1
Stealth        | |  1.7
Spellcasting   | |  3.2
Conjurations   | |  1.1
Summonings     | |  1.2
Translocations | |  1.1

Action                   |  1- 3 |  4- 6 |  7- 9 || total
-------------------------+-------+-------+-------++-------
Melee: Club              |    13 |       |       ||    13
       Dagger            |    67 |     9 |    22 ||    98
       Short sword       |       |   153 |   259 ||   412
       Hand axe          |       |    15 |       ||    15
       War axe           |       |       |    68 ||    68
 Fire: Hunting sling     |    33 |       |       ||    33
 Cast: Magic Dart        |     2 |     4 |       ||     6
 Abil: Hop               |       |     6 |     3 ||     9
Evoke: Wand              |       |       |     7 ||     7
  Use: Scroll            |     1 |     8 |     3 ||    12
       Potion            |       |     4 |     4 ||     8
  Eat: Chunk             |     3 |    10 |    15 ||    28
Armor: Robe              |     6 |       |       ||     6
       Ring mail         |    19 |    86 |    50 ||   155
       Skin              |       |    13 |       ||    13
       Scale mail        |       |       |   160 ||   160
Dodge: Dodged            |    58 |   103 |   189 ||   350

Table legend:
 A = Spawn XP
 B = Non-spawn XP
 C = Spawn XP percentage of total XP
 D = Spawn monster count
 E = Non-spawn monster count
 F = Spawn count percentage of total count
 G = Total turns spent on level
                    A         B        C        D         E        F      G
               +---------+---------+-------+---------+---------+-------+---------
         Total |     557 |    1684 |  24.9 |      29 |      98 |  22.8 |  8857
               +---------+---------+-------+---------+---------+-------+---------
           D:1 |      14 |      27 |  34.1 |       6 |      12 |  33.3 |   795
           D:2 |       2 |      36 |   5.3 |       1 |      16 |   5.9 |   795
           D:3 |      26 |     121 |  17.7 |       6 |       9 |  40.0 |  1373
           D:4 |      42 |     192 |  17.9 |       3 |      17 |  15.0 |  1401
           D:5 |     290 |     514 |  36.1 |       8 |      24 |  25.0 |  2308
           D:6 |     183 |     663 |  21.6 |       5 |      16 |  23.8 |  1561
           D:7 |       0 |     131 |   0.0 |       0 |       4 |   0.0 |   249
               +---------+---------+-------+---------+---------+-------+---------
